 Dungeon Crawl Stone Soup version 0.30.1-11-g7821555f0a (webtiles) character file.

Game seed: 4549011409508927039

4939 Gumption the Cleaver (level 10, -4/91 HPs)
             Began as a Minotaur Berserker on Oct 28, 2023.
             Was a Priest of Trog.
             Slain by an orc warrior
             ... wielding a +0 dire flail
              (6 damage)
             ... on level 9 of the Dungeon.
             The game lasted 00:48:34 (9034 turns).

Gumption the Cleaver (Minotaur Berserker)           Turns: 9034, Time: 00:48:35

Health: -4/91      AC: 16    Str: 24    XL:     10   Next: 28%
Magic:  18/18      EV:  7    Int:  8    God:    Trog [***...]
Gold:   567        SH:  7    Dex: 10    Spells: 9/9 levels left

rFire   + . .        a - +0 hand axe
rCold   + . .        f - +3 buckler of Idujunorph {rF+ MP+9}
rNeg    + . .        k - +0 plate armour
rPois   .            (helmet restricted)
rElec   .            e - +0 cloak of Fortification {-Tele rN+ Int+2}
rCorr   .            (no gloves)
SInv    .            t - +0 pair of boots
Will    .....        G - amulet of the acrobat Stlth
                     q - ring of protection from cold
HPRegen 0.35/turn    (no ring)
MPRegen 0.16/turn

%: no teleportation, acrobat
@: on berserk cooldown, slowed, very slow
A: horns 2, retaliatory headbutt
a: Renounce Religion, Berserk, Trog's Hand


You were on level 9 of the Dungeon.
You worshipped Trog.
Trog was most pleased with you.
You visited 1 branch of the dungeon, and saw 9 of its levels.

You collected 567 gold pieces.

Inventory:

Hand Weapons
 a - a +0 hand axe (weapon)
 D - a +2 great sword of flaming
Missiles
 i - 3 boomerangs
 l - 15 poisoned darts (quivered)
Armour
 e - the +0 cloak of Fortification (worn) {-Tele rN+ Int+2}
   (You found it on level 2 of the Dungeon)

   Int:       It affects your intelligence (+2).
   rN:        It protects you from negative energy.
   -Tele:     It prevents most forms of teleportation.
 f - the +3 buckler of Idujunorph (worn) {rF+ MP+9}
   (You acquired it on level 7 of the Dungeon)

   rF:        It protects you from fire.
   MP:        It affects your magic capacity (+9).
 k - a +0 plate armour (worn)
 t - a +0 pair of boots (worn)
Jewellery
 q - a ring of protection from cold (left hand)
 B - a +6 ring of intelligence
 G - an amulet of the acrobat (around neck)
Wands
 w - a wand of digging (13)
 y - a wand of charming (5)
 z - a wand of polymorph (4)
 E - a wand of acid (14)
 F - a wand of mindburst (14)
 H - a wand of flame (10)
Scrolls
 j - 2 scrolls of poison
 n - 2 scrolls of teleportation
 r - a scroll of identify
 v - 2 scrolls of immolation
 x - 2 scrolls of fear
 C - a scroll of fog
Potions
 b - a potion of magic
 c - a potion of might
 d - 2 potions of attraction
 g - 6 potions of curing
 h - a potion of ambrosia
 m - a potion of lignification
 p - a potion of mutation
 s - a potion of resistance
 u - 2 potions of flight
 A - 2 potions of heal wounds
 I - 3 potions of haste


   Skills:
 + Level 9.5 Fighting
 * Level 12.8 Axes
 + Level 9.1 Armour
 - Level 2.1 Dodging
 + Level 4.8 Shields


You had 9 spell levels left.
You didn't know any spells.
Your spell library was empty.

Dungeon Overview and Level Annotations

Branches:
Dungeon (9/15)             Temple (0/1) D:4
   Lair: D:8-11         Orc: D:9-12

Altars:
Dithmenos
Elyvilon
Kikubaaqudgha
Sif Muna
Yredelemnul
Zin

Shops:
D:6 *

Annotations:
D:5 3 runed translucent doors, mihai's ghost, novice DjFE


Innate Abilities, Weirdness & Mutations

You have a pair of horns on your head.
You reflexively headbutt those who attack you in melee.


Message History

Items here: ))) [[[ †.
Your skin crawls.
You feel strong-willed.
You can no longer call in reinforcements.
You block the orc warrior's attack. The orc attacks as you move away!
You block the orc's attack.
You completely miss the orc warrior. You block the orc warrior's attack.
You closely miss the orc warrior.
You feel the effects of Trog's Hand fading.
The orc warrior hits you with a +0 dire flail.
You hit the orc warrior but do no damage.
The orc warrior barely misses you.
You hit the orc warrior.
The orc warrior is lightly wounded.
The orc warrior hits you but does no damage.
You block the orc warrior's attack.
The orc warrior attacks as you move away!
The orc warrior barely misses you.
There is an open door here.
You hit the orc warrior.
The orc warrior is lightly wounded.
Your skin stops crawling.
You feel less strong-willed.
The orc warrior hits you from afar with a +0 halberd!
The orc warrior hits you but does no damage.
You block the orc warrior's attack. x2
You completely miss the orc warrior. You headbutt the orc warrior.
The orc warrior is moderately wounded.
You barely miss the orc warrior.
The orc warrior is moderately wounded.
You block the orc warrior's attack.
The orc warrior hits you but does no damage.
You hit the orc warrior but do no damage.
The orc warrior is moderately wounded.
The orc warrior hits you from afar with a +0 halberd!
The orc warrior hits you with a +0 dire flail!
* * * LOW HITPOINT WARNING * * *
The orc warrior hits you from afar with a +0 halberd!
* * * LOW HITPOINT WARNING * * *
The orc warrior hits you with a +0 dire flail.
You die...

#......# #......#
#......# +......#
#......# #......#
#......# #......#
###@#### .###### #.ooo#
..o...# ########o####
......# #....o......#
......######...........#
.....)##(o)'o..........#
.....)o..###...........#
....(o#### #...........#
####### #...........#


You could see 2 orc warriors and 2 orcs.

Vanquished Creatures
  Joseph (D:7)
  Grinder (D:6)
  A steam dragon (D:6)
  7 yaks
  An acid dragon (D:9)
  Edmund (D:5)
  A water moccasin (D:8)
  3 orc warriors
  An ice beast (D:7)
  A black bear (D:6)
  A sky beast (D:7)
  3 ogres
  A centaur (D:9)
  2 phantoms
  Blork the orc (D:5)
  2 kobold brigands
  5 bullfrogs
  7 scorpions
  5 wights (D:8)
  A howler monkey (D:8)
  An electric eel (D:6)
  3 jellies
  An orc priest (D:9)
  A hound (D:5)
  Ijyb (D:5)
  4 iguanas
  An orc wizard (D:6)
  3 gnolls
  11 adders
  A shadow imp (D:7)
  A white imp (D:4)
  An ufetubus (D:7)
  2 worms
  3 dart slugs
  14 orcs
  11 endoplasms
  9 giant cockroaches
  7 goblins
  8 hobgoblins
  2 jackals (D:4)
  18 kobolds
  6 quokkas
  6 ball pythons
  8 bats
  4 frilled lizards
  4 rats
177 creatures vanquished.

Vanquished Creatures (others)
  An orc wizard (D:9)
1 creature vanquished.

Grand Total: 178 creatures vanquished

Notes
Turn   | Place    | Note
-------+----------+-------------------------------------------
     0 | D:1      | Gumption the Minotaur Berserker began the quest for the
                  | Orb.
     0 | D:1      | Reached XP level 1. HP: 19/19 MP: 0/0
     0 | D:1      | Noticed a gargoyle
     0 | D:1      | Noticed a felid
     0 | D:1      | Noticed a merfolk
     3 | D:1      | Noticed an elf
     5 | D:1      | Noticed a barachi
     7 | D:1      | Noticed a naga
     8 | D:1      | Noticed a minotaur
    10 | D:1      | Noticed a formicid
    10 | D:1      | Noticed an elf
    12 | D:1      | Noticed a dwarf
    15 | D:1      | Noticed a formicid
    17 | D:1      | Noticed a barachi
    17 | D:1      | Noticed an octopode
    19 | D:1      | Noticed a tengu
    23 | D:1      | Noticed a dwarf
   168 | D:1      | Reached skill level 4 in Axes
   168 | D:1      | Reached XP level 2. HP: 27/27 MP: 1/1
   388 | D:1      | Reached ** piety under Trog
   472 | D:1      | Reached XP level 3. HP: 33/33 MP: 2/2
   851 | D:2      | Reached XP level 4. HP: 40/40 MP: 3/3
   906 | D:2      | Reached skill level 5 in Axes
  1036 | D:2      | Identified the +0 cloak of Fortification {-Tele rN+ Int+2}
  1567 | D:3      | Reached *** piety under Trog
  1640 | D:3      | Reached XP level 5. HP: 47/47 MP: 4/4
  2073 | D:3      | Reached skill level 6 in Axes
  2227 | D:4      | Reached skill level 5 in Fighting
  2359 | D:4      | Reached XP level 6. HP: 21/56 MP: 5/5
  2484 | D:4      | Found a staircase to the Ecumenical Temple.
  3150 | D:5      | Entered Level 5 of the Dungeon
  3152 | D:5      | Found a runed translucent gate.
  3154 | D:5      | Found a runed translucent gate.
  3154 | D:5      | Noticed mihai's ghost (novice DjFE)
  3168 | D:5      | Reached skill level 7 in Axes
  3329 | D:5      | Noticed Edmund
  3340 | D:5      | Reached skill level 5 in Armour
  3340 | D:5      | Reached XP level 7. HP: 62/62 MP: 6/6
  3345 | D:5      | Killed Edmund
  3544 | D:5      | Noticed Ijyb
  3553 | D:5      | Killed Ijyb
  3663 | D:5      | Reached skill level 8 in Axes
  3805 | D:5      | Noticed Blork the orc
  3820 | D:5      | Killed Blork the orc
  4015 | D:5      | Found a runed translucent gate.
  4178 | D:5      | Reached **** piety under Trog
  4186 | D:5      | Reached XP level 8. HP: 54/71 MP: 7/7
  4386 | D:6      | Found Weqerref's CLEARANCE SALE!.
  4500 | D:6      | Reached skill level 9 in Axes
  4717 | D:6      | Found a shimmering blue altar of Sif Muna.
  4849 | D:6      | Reached skill level 10 in Axes
  5393 | D:6      | Noticed Grinder
  5404 | D:6      | Paralysed by Grinder for 3 turns
  5411 | D:6      | Killed Grinder
  5419 | D:6      | Reached XP level 9. HP: 78/81 MP: 8/8
  5576 | D:6      | Found a shadowy altar of Dithmenos.
  5943 | D:7      | Identified a scroll of acquirement
  5943 | D:7      | Acquired the +3 buckler of Idujunorph {rF+ MP+9}
  6331 | D:7      | Found a glowing silver altar of Zin.
  6334 | D:7      | Found an ancient bone altar of Kikubaaqudgha.
  6337 | D:7      | Found a basalt altar of Yredelemnul.
  6340 | D:7      | Found a white marble altar of Elyvilon.
  6570 | D:7      | Reached skill level 1 in Shields
  6844 | D:7      | Reached skill level 11 in Axes
  6849 | D:7      | Noticed Joseph
  6897 | D:7      | Killed Joseph
  8031 | D:8      | Reached skill level 12 in Axes
  8494 | D:9      | Reached XP level 10. HP: 75/91 MP: 9/9
  9034 | D:9      | HP: 2/91 [orc warrior/+0 halberd (11)]
  9034 | D:9      | Slain by an orc warrior

Illustrated notes

Levels and vault maps discovered:
D:1:      shiori_arrival_whats_in_store_for_you, layout_rooms,
          chequers_serial_rivers_marsh, minmay_small_reverse_x
D:2:      layout_rooms
D:3:      minmay_skewed_foursquare, layout_basic
D:4:      layout_loops_cross, minmay_temple_entry_slanted
D:5:      layout_layer_cave, gammafunk_ghost_nasty_kobolds, kennysheep_potato,
          uniq_edmund, uniq_blork_the_orc, uniq_ijyb
D:6:      layout_loops_ring, nicolae_sif_muna_condensation,
          kennysheep_little_box, nicolae_shop_clearance, uniq_grinder
D:7:      layout_layer_cave, grunt_temple_overflow_cloverleaf,
          grunt_ministairs_12, uniq_joseph
D:8:      layout_loops_ring
D:9:      layout_roguey [special_room_orc], serial_shops, shop, uniq_pikel

Skill      XL: |  1  2  3  4  5  6  7  8  9 10 |
---------------+-------------------------------+-----
Axes           | 4 5 6 7 8 10 12 | 12.8
Fighting       | 4 5 6 7 9 |  9.5
Armour         | 3 4 5 6 7 8 9 |  9.1
Shields        | 4 |  4.8
Dodging        | |  2.1

Action                     |  1- 3 |  4- 6 |  7- 9 | 10-12 || total
---------------------------+-------+-------+-------+-------++-------
  Melee: Hand axe          |    85 |   187 |   361 |   104 ||   737
         Headbutt          |    12 |    31 |    77 |    15 ||   135
         Punch             |     2 |     3 |     4 |       ||     9
  Throw: Stone             |     3 |     1 |       |       ||     4
         Dart              |       |     2 |     7 |     3 ||    12
 Invoke: Berserk           |       |     1 |     1 |     3 ||     5
         Trog's Hand       |       |       |     1 |     2 ||     3
    Use: Scroll            |       |     7 |    13 |     2 ||    22
         Potion            |       |       |     1 |       ||     1
 Armour: Animal skin       |    16 |       |       |       ||    16
         Scale mail        |    12 |     3 |       |       ||    15
         Plate armour      |       |   101 |   145 |    32 ||   278
  Dodge: Dodged            |    50 |    51 |    85 |    17 ||   203
  Block: Buckler           |       |       |    33 |    33 ||    66
